 Dungeon Crawl Stone Soup version 0.30-a0-672-gc3a7216ad8 (webtiles) character file.

Game seed: 7998834373967310444

8120 dinky3 the Unseen (level 11, 68/68 HPs)
             Began as a Spriggan Chaos Knight on Jan 19, 2023.
             Was a Plaything of Xom.
             Quit the game on level 11 of the Dungeon on July 12, 2023.
             The game lasted 00:42:49 (6783 turns).

dinky3 the Unseen (Spriggan Chaos Knight)           Turns: 6783, Time: 00:42:49

Health: 68/68      AC: 13    Str: 12    XL:     11   Next: 5%
Magic:  24/24      EV: 18    Int: 16    God:    Xom [*.....]
Gold:   663        SH:  0    Dex: 17    Spells: 21/27 levels left

rFire   + . .      SeeInvis +    b - +9 short sword "Xafeiter" {heavy, rF+ rC+ Str+4}
rCold   + . .      Faith    +    (no shield)
rNeg    . . .      Spirit   .    d - +2 robe
rPois   .          Reflect  .    (helmet restricted)
rElec   .          Harm     .    J - +2 cloak
rCorr   .          Rampage  .    (gloves unavailable)
Will    +++..                    (boots unavailable)
Stlth   ++++++                   F - amulet of faith
HPRegen 0.31/turn                q - ring of willpower
MPRegen 0.19/turn                t - +4 ring of protection

@: very quick
A: very small, no large weapons, unfitting armour, see invisible, speed 3,
iridescent scales 1, strong-willed 1, robust 2
a: Renounce Religion


You were on level 11 of the Dungeon.
You worshipped Xom.
You were a special plaything of Xom.
You visited 1 branch of the dungeon, and saw 11 of its levels.
You also visited: Bailey.

You collected 663 gold pieces.

Inventory:

Hand Weapons
 a - a +2 short sword of protection
 b - the +9 short sword "Xafeiter" (weapon) {heavy, rF+ rC+ Str+4}
   (You found it in a bailey)

   Str:       It affects your strength (+4).
   rF:        It protects you from fire.
   rC:        It protects you from cold.
 n - a +1 vampiric falchion
 x - a +0 short sword of chaos
 B - a +2 dagger of venom
 Q - the +9 long sword "Qocvuh" {pain, Int+5}
   (You took it off a gnoll in a bailey)

   Int:       It affects your intelligence (+5).
Missiles
 u - 27 stones
 G - 6 curare-tipped darts
 H - 9 throwing nets
Armour
 d - a +2 robe (worn)
 e - a +0 buckler
 J - a +2 cloak (worn)
Magical Staves
 f - a staff of poison
Jewellery
 j - a +6 ring of strength
 q - a ring of willpower (left hand)
 t - a +4 ring of protection (right hand)
 C - a ring of positive energy
 E - a +6 ring of strength
 F - an amulet of faith (around neck)
 R - a ring of protection from cold
Wands
 r - a wand of digging (4)
 I - a wand of paralysis (10)
 N - a wand of roots (2)
Scrolls
 g - 3 scrolls of summoning
 h - 2 scrolls of fear
 i - 2 scrolls of amnesia
 o - 5 scrolls of teleportation
 p - a scroll of silence
 y - 2 scrolls of immolation
 z - 3 scrolls of magic mapping
 D - 2 scrolls of fog
 P - 2 scrolls of noise
Potions
 k - a potion of might
 l - a potion of invisibility {unknown}
 m - 2 potions of curing
 v - a potion of flight
 w - a potion of heal wounds {unknown}
 A - 2 potions of haste {unknown}
 K - a potion of mutation {unknown}
 L - a potion of brilliance {unknown}
 M - a potion of magic {unknown}
 O - a potion of degeneration {unknown}
Miscellaneous
 c - a piece from Xom's chessboard (11/15)
 s - a condenser vane (inert)


   Skills:
 - Level 6.3 Fighting
 - Level 8.2 Short Blades
 - Level 3.2 Dodging
 + Level 16.4 Stealth
 - Level 8.8 Spellcasting
 + Level 0.0 Conjurations
 + Level 5.0 Hexes
 - Level 3.0 Evocations


You had 21 spell levels left.
You knew the following spells:

 Your Spells              Type           Power      Damage    Failure   Level
a - Dazzling Flash        Conj/Hex       30%        N/A       11%         3
b - Teleport Other        Tloc           7%         N/A       30%         3

Your spell library contained the following spells:

 Spells                   Type           Power      Damage    Failure   Level
 Gell's Gravitas          Tloc           7%         N/A       30%         3
 Animate Dead             Necr           7%         N/A       71%         4
 Iskenderun's Mystic Bla  Conj/Tloc      7%         2d4       71%         4
 Borgnjor's Vile Clutch   Necr/Erth      3%         N/A       96%         5
 Death Channel            Necr           3%         N/A       100%        6
 Dispersal                Tloc           3%         N/A       100%        6
 Starburst                Conj/Fire      3%         6d3       100%        6
 Haunt                    Necr/Summ      3%         N/A       100%        7
 Infestation              Necr           3%         N/A       100%        8


Dungeon Overview and Level Annotations

Branches:
Dungeon (11/15) Zot: 26995  Temple (0/1) D:4             Orc (0/2) D:10
 Bailey (visited)
   Lair: D:8-11

Altars:
Ashenzari
Elyvilon
Ru
Sif Muna
Vehumet
The Shining One

Shops:
D:2 :   D:9 (

Annotations:
D:5 Grinder


Innate Abilities, Weirdness & Mutations

You are very small and have problems with some larger weapons.
You are too small for most types of armour.
You have supernaturally acute eyesight. (SInv)
You cover ground extremely quickly. (Speed+++)
You are partially covered in iridescent scales. (AC +2)
You are strong-willed. (Will+)
You are very robust. (+20% HP)


Message History

Found 5 gold pieces.
You now have 663 gold pieces (gained 5).
Found a scroll of noise.
P - 2 scrolls of noise (gained 1)
Found 18 gold pieces.
An acid dragon comes into view. "Let's go for a ride!"
Your surroundings suddenly seem different.
Found a helmet.
Your surroundings suddenly seem different.
Your surroundings suddenly seem different.
Your surroundings suddenly seem different.
Unknown command.
Unknown command.
Found a stone staircase leading down.
Found a small onyx ring.
Found a stone.
R - a ring of protection from cold You see here a +0 hand axe.
Things that are here:
a +0 robe; a +0 dagger; an orc skeleton HP restored.
You see here a +0 trident.
There is a stone staircase leading down here.
You climb downwards.
Found a book of Unlife.
Found an escape hatch in the floor.
There is a stone staircase leading up here.
You pick up a book of Unlife and begin reading...
You add the spells Borgnjor's Vile Clutch and Death Channel to your library.
There is a stone staircase leading up here.
Okay, then.
Okay, then.
Saving game... please wait.
Welcome back, dinky3 the Spriggan Chaos Knight.
Xom snickers.
Press ? for a list of commands and other information.
Welcome back, dinky3 the Spriggan Chaos Knight.
Xom snickers.
Press ? for a list of commands and other information.
Are you sure you want to abandon this character and quit the game? (Confirm with "yes".)

...####
#........ .
#.....#.. #.###
#.#......
...###........
.. #............
...#........##..
.......@........
................
...#........>#..
. #..#......#
...............
###############


There were no monsters in sight!

Vanquished Creatures
  2 two-headed ogres
  A troll (D:10)
  A shadow (D:6)
  A spriggan (D:8)
  3 wyverns
  7 yaks
  A golden eye (D:9)
  An ice beast (D:7)
  3 ogres
  3 centaurs
  6 wolves (Bailey)
  3 kobold brigands (D:8)
  3 bullfrogs
  8 gnoll sergeants (Bailey)
  A necrophage (D:6)
  3 scorpions
  6 wights
  6 killer bees
  4 hounds
  2 orc priests
  5 gnoll boudas (Bailey)
  2 jellies
  3 iguanas
  4 orc wizards
  Robin (D:4)
  21 gnolls
  4 adders
  2 white imps
  A worm (D:4)
  29 orcs
  12 ball pythons
  5 endoplasms
  4 giant cockroaches
  10 goblins
  11 hobgoblins
  4 jackals (D:2)
  17 kobolds
  2 quokkas (D:3)
  3 bats
  6 frilled lizards
  5 rats
216 creatures vanquished.

Vanquished Creatures (collateral kills)
  3 yaks (D:9)
  A water moccasin (D:9)
  A black bear (D:6)
  An orc warrior (D:9)
  A sky beast (D:7)
  An ogre (D:6)
  A scorpion (D:6)
  2 wights (D:6)
  A howler monkey (D:2)
  A gnoll bouda (Bailey)
  3 gnolls
  A shadow imp (D:6)
  4 orcs (D:6)
  A kobold (D:8)
22 creatures vanquished.

Vanquished Creatures (others)
  A wight (D:9)
  A quokka (D:6)
  57 plants (D:8)
59 creatures vanquished.

Grand Total: 297 creatures vanquished

Notes
Turn   | Place    | Note
-------+----------+-------------------------------------------
     0 | D:1      | dinky3 the Spriggan Chaos Knight began the quest for the
                  | Orb.
     0 | D:1      | Reached XP level 1. HP: 11/11 MP: 2/2
    69 | D:1      | Reached skill level 1 in Stealth
   136 | D:1      | XOM: silly message
   141 | D:1      | Reached skill level 2 in Stealth
   185 | D:1      | Reached XP level 2. HP: 16/16 MP: 3/3
   220 | D:1      | Reached skill level 3 in Stealth
   263 | D:1      | XOM: silly message
   452 | D:1      | Found a faded altar of an unknown god.
   498 | D:1      | XOM: silly message
   596 | D:1      | Reached skill level 4 in Stealth
   795 | D:1      | Reached XP level 3. HP: 19/19 MP: 4/4
  1014 | D:2      | Found Zataumes's Book Emporium.
  1054 | D:2      | Reached skill level 5 in Stealth
  1067 | D:2      | Reached skill level 1 in Evocations
  1078 | D:2      | XOM: 9-stop teleportation journey
  1091 | D:2      | XOM: scenery: summon butterflies
  1167 | D:2      | XOM is BORED!
  1167 | D:2      | XOM: stat loss: -1 Str (13/14)
  1307 | D:2      | Reached XP level 4. HP: 23/23 MP: 5/5
  1608 | D:2      | XOM: summons 4 friendly demons
  1615 | D:2      | Reached skill level 6 in Stealth
  1718 | D:2      | XOM: god gift: condenser vane
  1764 | D:3      | Identified the +1 pair of gloves of Beocouwn {Will+}
  2176 | D:3      | Reached XP level 5. HP: 28/28 MP: 6/6
  2371 | D:4      | Reached skill level 7 in Stealth
  2371 | D:4      | Reached XP level 6. HP: 29/32 MP: 7/7
  2375 | D:4      | Identified the +1 leather armour "Qurunux" {Str+3}
  2396 | D:4      | Found a sacrificial altar of Ru.
  2412 | D:4      | XOM is BORED!
  2412 | D:4      | XOM: 3-stop teleportation journey
  2428 | D:4      | XOM: enchant monster (bad)
  2442 | D:4      | XOM: chaos upgrade
  2465 | D:4      | Found a staircase to the Ecumenical Temple.
  2524 | D:4      | XOM: cast spell 'Summon Small Mammal'
  2569 | D:4      | Reached skill level 5 in Short Blades
  2570 | D:4      | Reached skill level 8 in Stealth
  2775 | D:4      | Noticed Robin
  2832 | D:4      | XOM: divination: detect creatures
  2840 | D:4      | Killed Robin
  3105 | D:5      | Entered Level 5 of the Dungeon
  3119 | D:5      | Reached XP level 7. HP: 36/36 MP: 8/8
  3212 | D:5      | Noticed Grinder
  3212 | D:5      | Paralysed by Grinder for 2 turns
  3342 | D:5      | Reached skill level 9 in Stealth
  3522 | D:6      | XOM: enchant monster (bad)
  3551 | D:6      | Found Redix's Jewellery Shop.
  3584 | D:6      | Found a glowing golden altar of the Shining One.
  3587 | D:6      | Found a radiant altar of Vehumet.
  3779 | D:6      | XOM: summons friendly shadow imp
  3784 | D:6      | Noticed a shadow
  3786 | D:6      | XOM: divination: detect items
  3799 | D:6      | XOM: summons friendly quasit
  3808 | D:6      | Reached XP level 8. HP: 42/42 MP: 9/9
  3810 | D:6      | XOM: enchant monster (good)
  3817 | D:6      | XOM: cast spell 'Monstrous Menagerie'
  3825 | D:6      | Reached skill level 10 in Stealth
  3830 | D:6      | XOM: silly message
  3854 | D:6      | XOM: divination: detect items
  3885 | D:6      | XOM: summons 5 friendly demons
  3889 | D:6      | Found a white marble altar of Elyvilon.
  3900 | D:6      | XOM: polymorph quasit -> shadow imp
  3969 | D:7      | XOM: silly message
  3970 | D:7      | Reached skill level 5 in Fighting
  3973 | D:6      | XOM: cleaving
  3981 | D:6      | XOM: divination: detect items
  3994 | D:6      | Reached skill level 11 in Stealth
  4019 | D:7      | XOM: enchant monster (bad)
  4025 | D:7      | XOM: confuse monster(s)
  4035 | D:7      | XOM: summons friendly crimson imp
  4039 | D:7      | XOM: summons friendly crimson imp
  4053 | D:7      | XOM: summons friendly crimson imp
  4067 | D:7      | XOM: cleaving
  4068 | D:7      | XOM: cast spell 'Death Channel'
  4072 | D:7      | XOM: cast spell 'Dispersal'
  4075 | D:7      | XOM: confuse monster(s)
  4118 | D:7      | Reached XP level 9. HP: 39/47 MP: 10/10
  4177 | D:7      | XOM: noise
  4207 | D:7      | XOM: cleaving
  4210 | D:7      | XOM: confusion
  4215 | D:7      | XOM: cast spell 'Alistair's Intoxication'
  4349 | D:7      | XOM: divination: detect creatures
  4378 | D:7      | XOM: noise
  4380 | D:7      | XOM: swap monsters
  4391 | D:7      | XOM: divination: detect creatures
  4433 | D:7      | XOM: enchant monster (bad)
  4435 | D:7      | Reached skill level 12 in Stealth
  4439 | D:7      | XOM: divination: detect creatures
  4467 | D:7      | Noticed a manticore
  4484 | D:8      | Learned a level 3 spell: Dazzling Flash
  4488 | D:8      | Learned a level 3 spell: Teleport Other
  4505 | D:8      | Found a broken altar of Ashenzari.
  4579 | D:8      | XOM: silly message
  4595 | D:8      | XOM: enchant monster (good)
  4604 | D:8      | XOM: god gift: 3 stones
  4620 | D:8      | XOM: cleaving
  4622 | D:8      | XOM: stat loss: -1 Dex (16/17)
  4636 | D:8      | XOM: give mutations
  4636 | D:8      | Gained mutation: You are partially covered in iridescent
                  | scales. (AC +2) [Xom's grace]
  4636 | D:8      | Gained mutation: You are robust. (+10% HP) [Xom's grace]
  4636 | D:8      | Gained mutation: You are strong-willed. (Will+) [Xom's
                  | grace]
  4636 | D:8      | Gained mutation: You are very robust. (+20% HP) [Xom's
                  | grace]
  4812 | D:8      | Reached skill level 1 in Spellcasting
  4812 | D:8      | Reached skill level 1 in Hexes
  4853 | D:8      | XOM: silly message
  4948 | D:8      | XOM: enchant monster (good)
  4954 | D:8      | Found a shimmering blue altar of Sif Muna.
  5115 | D:8      | XOM: cast spell 'Chain of Chaos'
  5198 | D:9      | XOM: potion effect (might)
  5201 | D:9      | XOM: scenery: summon butterflies
  5321 | D:9      | Noticed a green ugly thing
  5335 | D:9      | Found Jonat's Hydra Hut.
  5335 | D:9      | Noticed a five-headed hydra
  5335 | D:9      | XOM: 9-stop teleportation journey
  5338 | D:9      | XOM: 2-stop teleportation journey
  5339 | D:9      | XOM: cast spell 'Olgreb's Toxic Radiance'
  5349 | D:9      | XOM: polymorph yak -> golden eye
  5362 | D:9      | XOM: cleaving
  5367 | D:9      | XOM: cast spell 'Summon Horrible Things'
  5370 | D:9      | Reached skill level 13 in Stealth
  5385 | D:9      | Reached XP level 10. HP: 41/63 MP: 15/17
  5410 | D:9      | XOM: cloud trail
  5468 | D:9      | XOM: god gift: scroll labelled NIMEOZUDUB {god gift}
  5491 | D:9      | Noticed a two-headed ogre
  5505 | D:9      | XOM: noise
  5506 | D:9      | XOM: enchant monster (good)
  5507 | D:9      | XOM: confuse monster(s)
  5516 | D:9      | Killed a two-headed ogre
  5517 | D:9      | Reached skill level 14 in Stealth
  5517 | D:9      | Reached skill level 5 in Spellcasting
  5517 | D:9      | Reached skill level 5 in Hexes
  5633 | D:9      | XOM: cast spell 'Alistair's Intoxication'
  5636 | D:9      | XOM: silly message
  5658 | D:9      | XOM: silly message
  5715 | D:9      | XOM: potion effect (brilliance)
  5719 | D:9      | Noticed a two-headed ogre
  5774 | D:10     | Entered Level 10 of the Dungeon
  5797 | D:10     | XOM: silly message
  5814 | D:10     | XOM: divination: detect items
  5823 | D:10     | XOM: divination: detect creatures
  5836 | D:10     | XOM: cleaving
  5863 | D:10     | Found a staircase to the Orcish Mines.
  5948 | D:10     | Reached skill level 15 in Stealth
  6004 | D:10     | Noticed a two-headed ogre
  6008 | D:10     | Killed a two-headed ogre
  6045 | D:10     | XOM: summons friendly shadow imp
  6082 | D:10     | Found a flagged portal.
  6107 | Bailey   | Entered a bailey
  6149 | Bailey   | XOM: enchant monster (bad)
  6263 | Bailey   | XOM: silly message
  6398 | Bailey   | Reached skill level 16 in Stealth
  6413 | Bailey   | Reached XP level 11. HP: 65/68 MP: 24/24
  6428 | Bailey   | Identified the +9 short sword "Xafeiter" {heavy, rF+ rC+
                  | Str+4}
  6467 | Bailey   | XOM: silly message
  6526 | Bailey   | XOM: confuse monster(s)
  6557 | Bailey   | Identified the +9 long sword "Qocvuh" {pain, Int+5}
  6661 | D:10     | XOM: noise
  6712 | D:10     | XOM: 4-stop teleportation journey
  6783 | D:11     | Quit the game

Illustrated notes

Levels and vault maps discovered:
D:1:      shiori_arrival_maze, layout_basic,
          shapermc_ecumenical_altar_totnotflames
D:2:      layout_rooms, serial_shops, nicolae_diamond_shop,
          kennysheep_generic_room_12
D:3:      layout_basic
D:4:      layout_layer_cave, nicolae_ru_great_annihilating_truth,
          minmay_temple_entry_antechambers, uniq_robin
D:5:      layout_cave_pods, uniq_grinder
D:6:      black_bear_nest_2, layout_rooms, elyvilon_altar_4,
          mainiacjoe_overflow_catwalk_spiral, serial_shops, nicolae_shop_stone,
          corner_web_ring
D:7:      layout_layer_cave, serial_park_tiny_2, grunt_ogre_cave,
          hangedman_minor_gate_pass
D:8:      kb_forest_paths, layout_basic, lemuel_crystal_altar,
          mainiacjoe_overflow_catch_the_wave, nicolae_overflow_squiral,
          special_room [special_room_orc]
D:9:      layout_basic, special_room [special_room_bee], kennysheep_cross_room,
          doesnt_shop_hydraphobe
D:10:     layout_loops_ring, orc_0_dummy, enter_bailey_2, nzn_life_drinkers
D:11:     layout_stronghold, grunt_lair_entry_orc_guard_hut, serial_shops, shop,
          nicolae_shop_advertising_works [nicolae_subvault_shop_adworks],
          minivault_27

Skill      XL: |  1  2  3  4  5  6  7  8  9 10 |
---------------+-------------------------------+-----
Stealth        | 2 4 5 6 7 8 9 11 13 16 | 16.4
Evocations     | 1 2 3 |  3.0
Fighting       | 3 4 5 6 |  6.3
Short Blades   | 4 5 6 7 8 |  8.2
Spellcasting   | 4 8 |  8.8
Hexes          | 4 5 |  5.0
Dodging        | |  3.2

Action                   |  1- 3 |  4- 6 |  7- 9 | 10-12 || total
-------------------------+-------+-------+-------+-------++-------
Melee: Short sword       |    19 |    63 |   139 |   112 ||   333
       Dagger            |   109 |   152 |   143 |    52 ||   456
       Punch             |     2 |     1 |     4 |     4 ||    11
Throw: Stone             |     7 |       |       |       ||     7
       Throwing net      |       |       |       |     1 ||     1
 Cast: Dazzling Flash    |       |       |       |    13 ||    13
Evoke: Piece from Xom's  |     2 |     8 |    14 |     1 ||    25
       Wand              |     2 |     4 |     3 |     4 ||    13
       Condenser vane    |       |     2 |     2 |     1 ||     5
  Use: Scroll            |       |     7 |     8 |     2 ||    17
       Potion            |       |       |       |     1 ||     1
 Stab: Sleeping          |    12 |     9 |    15 |    14 ||    50
       Petrified         |     1 |     1 |       |     2 ||     4
       Confused          |       |     3 |     1 |     1 ||     5
       Paralysed         |       |       |     1 |     1 ||     2
       Distracted        |       |       |     1 |     1 ||     2
       Invisible         |       |       |       |     7 ||     7
       Held in net/web   |       |       |       |     1 ||     1
Armor: Robe              |    18 |    36 |    41 |    50 ||   145
Dodge: Dodged            |    98 |   193 |   143 |   161 ||   595

Table legend: (Time is in decaauts)
 A = Elapsed time spent in this place.
 B = Non-inter-level travel time spent in this place.
 C = Inter-level travel time spent in this place.
 D = Time resting spent in this place.
 E = Time spent auto-exploring this place.
 F = Levels seen in this place.
 G = Mean time per level.
                   A        B        C        D        E       F      G
               +--------+--------+--------+--------+--------+-----+--------+
         Total |   4391 |   4143 |    248 |    199 |      7 |  12 |  365.9 |
       Dungeon |   4011 |   3763 |    248 |     96 |      7 |  11 |  364.6 |
        Bailey |    380 |    380 |      0 |    103 |      0 |   1 |  380.0 |
               +--------+--------+--------+--------+--------+-----+--------+

Top non-repeatable levels by time:
     D:1: 682 daAuts
     D:4: 487 daAuts
     D:2: 471 daAuts
     D:9: 411 daAuts
     D:8: 396 daAuts
     D:3: 392 daAuts
  Bailey: 380 daAuts
     D:6: 352 daAuts
     D:7: 303 daAuts
    D:10: 302 daAuts
     D:5: 206 daAuts
    D:11: 4 daAuts
